 Dungeon Crawl Stone Soup version 0.26-a0-346-g33516b1736 (webtiles) character file.

Game seed: 3958665728783862898

36 BritishOli the Skirmisher (level 3, 28/29 HPs)
             Began as a Demonspawn Fighter on July 17, 2020.
             Quit the game on level 2 of the Dungeon.
             The game lasted 00:00:43 (1148 turns).

BritishOli the Skirmisher (Demonspawn Fighter)      Turns: 1148, Time: 00:00:43

Health: 28/29      AC:  6    Str: 17    XL:     3   Next: 19%
Magic:  3/3        EV:  7    Int:  9    God:
Gold:   24         SH:  9    Dex: 12    Spells: 2/2 levels left

rFire    . . .     SeeInvis +   a - +0 long sword
rCold    . . .     Faith    .   c - +0 kite shield
rNeg     . . .     Spirit   .   b - +0 scale mail
rPois    .         Reflect  .   (no helmet)
rElec    .         Harm     .   (no cloak)
rCorr    .                      (no gloves)
MR       .....                  (no boots)
Stlth    ..........             (no amulet)
HPRegen  0.09/turn              g - ring of see invisible
MPRegen  0.08/turn              (no ring)

@: no status effects
A: rot immunity
a: no special abilities


You were on level 2 of the Dungeon.
You visited 1 branch of the dungeon, and saw 2 of its levels.

You collected 24 gold pieces.

Inventory:

Hand Weapons
 a - a +0 long sword (weapon)
Armour
 b - a +0 scale mail (worn)
 c - a +0 kite shield (worn)
Jewellery
 g - a ring of see invisible (left hand)
Scrolls
 f - a scroll of teleportation {unknown}
 i - a scroll of identify {unknown}
 j - 2 scrolls of magic mapping {unknown}
 k - 3 scrolls of remove curse {unknown}
 l - a scroll of fog {unknown}
 m - a scroll of blinking {unknown}
 n - a scroll of amnesia {unknown}
Potions
 d - a potion of might
 e - a potion of haste {unknown}
 h - a potion of heal wounds {unknown}


   Skills:
 + Level 3.3 Fighting
 + Level 2.2 Long Blades
 + Level 3.0 Armour
 + Level 3.0 Shields


You had 2 spell levels left.
You didn't know any spells.
Your spell library was empty.

Dungeon Overview and Level Annotations

Branches:
Dungeon (2/15)

Altars:


Innate Abilities, Weirdness & Mutations

You are immune to rotting.


Message History

You closely miss the rat. You block the rat's attack.
The rat closely misses you.
A rat is nearby!
You closely miss the rat. The rat bites you.
A rat is nearby!
You barely miss the rat. You block the rat's attack.
The rat completely misses you.
You riposte.
You slash the rat!
You kill the rat!
Key pressed, stopping explore.
No target in view!
Things that are here:
a +0 club; a goblin corpse No target in view!
No target in view!
Found a stone staircase leading down.
No target in view!
A bat comes into view.
The bat hits you.
Found 12 gold pieces.
Are you sure you want to abandon this character and quit the game? (Confirm with "yes".)

#.#.(. ..## ##.#... #
#.##. #..##..
#.##.##.#####..####
.................
####### #.####.#######..
....... #......#######..
.....(.##......##.......
.......@..).............
.>....b##.†.....#.......
$...... #.......######..
####### #.#####.# #..
#.. ## #... ..# ##..
#### #.. ##. ##


You could see a bat.

Vanquished Creatures
  An adder (D:2)
  2 dart slugs (D:1)
  A giant cockroach (D:2)
  3 goblins
  2 hobgoblins
  3 jackals (D:1)
  A ball python (D:1)
  2 frilled lizards (D:2)
  4 kobolds
  4 rats
23 creatures vanquished.

Notes
Turn   | Place    | Note
-------+----------+-------------------------------------------
     0 | D:1      | BritishOli the Demonspawn Fighter began the quest for the
                  | Orb.
     0 | D:1      | Reached XP level 1. HP: 18/18 MP: 1/1
   130 | D:1      | Gained mutation: You are immune to rotting. [demonic
                  | ancestry]
   130 | D:1      | Reached XP level 2. HP: 22/24 MP: 2/2
   802 | D:2      | Reached XP level 3. HP: 9/29 MP: 3/3
  1148 | D:2      | Quit the game

Illustrated notes

Levels and vault maps discovered:
D:1:      ncdulo_smallfort, layout_basic
D:2:      layout_loops_cross, grunt_ministairs_11, minmay_misc_feat_enclosed,
          minmay_goblin_kobold_house

Skill      XL: |  1  2 |
---------------+-------+-----
Long Blades    | 2 |  2.2
Armour         | 3 |  3.0
Shields        | 3 |  3.0
Fighting       | |  3.3

Action                   || total
-------------------------++-------
Melee: Long sword        ||    77
Armor: Scale mail        ||    27
Dodge: Dodged            ||    23
Block: Kite shield       ||    40
       Rpst.: Long sword ||     6

Table legend:
 A = Non-vault XP
 B = Vault XP
 C = Vault XP percentage of total XP
 D = Non-vault monster count
 E = Vault monster count
 F = Vault count percentage of total count
                 A         B        C        D         E       F
            +---------+---------+-------+---------+---------+-------
      Total |      52 |       0 |   0.0 |      23 |       0 |   0.0
            +---------+---------+-------+---------+---------+-------
        D:1 |      26 |       0 |   0.0 |      14 |       0 |   0.0
        D:2 |      26 |       0 |   0.0 |       9 |       0 |   0.0
            +---------+---------+-------+---------+---------+-------
